 Dungeon Crawl Stone Soup version 0.20.1-1-g8b1a95d (webtiles) character file.

76 RumaTero the Ruffian (level 4, -1/35 HPs)
             Began as a Draconian Transmuter on July 8, 2017.
             Slain by a centaur (7 damage)
             ... on level 3 of the Dungeon.
             The game lasted 00:08:13 (2697 turns).

RumaTero the Ruffian (Draconian Transmuter)         Turns: 2697, Time: 00:08:13

Health: -1/35      AC:  7    Str: 13    XL:     4   Next: 12%
Magic:  1/7        EV: 12    Int: 13    God:
Gold:   115        SH:  0    Dex: 12    Spells: 1/7 levels left

rFire    . . .     SeeInvis .     - Unarmed
rCold    . . .     Gourm    .   (no shield)
rNeg     . . .     Faith    .   (armour unavailable)
rPois    .         Spirit   .   (helmet restricted)
rElec    .         Reflect  .   d - +1 cloak
rCorr    +         Harm     .   (no gloves)
MR       .....                  (no boots)
Stlth    +.........             (no amulet)
Regen    0.2/turn               g - ring of resist corrosion
MPRegen  0.1/turn               (no ring)

@: heavily drained
A: unfitting armour, cold-blooded, AC +5
a: no special abilities


You were on level 3 of the Dungeon.
You were hungry.

You visited 1 branch of the dungeon, and saw 3 of its levels.

You collected 115 gold pieces.

Inventory:

Hand Weapons
 n - a +0 dagger of flaming
Missiles
 a - 3 arrows (quivered)
Armour
 d - a +1 cloak (worn)
Jewellery
 g - a ring of resist corrosion (left hand)
Scrolls
 e - 2 scrolls of identify
 i - 2 scrolls of teleportation {unknown}
 j - a scroll of amnesia
 m - a scroll of remove curse {unknown}
 p - 2 scrolls of fog {unknown}
 q - a scroll of immolation {unknown}
 r - a scroll of magic mapping {unknown}
 s - a scroll of enchant weapon {unknown}
Potions
 h - a potion of resistance
 l - a potion of mutation
Books
 b - a book of Changes

   Spells                             Type                      Level
   a - Beastly Appendage              Transmutation                1
   b - Sticks to Snakes               Transmutation                2
   c - Spider Form                    Transmutation/Poison         3
   d - Ice Form                       Ice/Transmutation            4
   e - Blade Hands                    Transmutation                5
Comestibles
 c - 2 bread rations
 f - 2 royal jellies
 k - a meat ration
 t - a fruit


   Skills:
 - Level 1.1(0.0) Fighting
 + Level 2.5(1.1) Dodging
 * Level 4.0(2.5) Unarmed Combat
 - Level 2.0(0.6) Spellcasting
 + Level 2.8(1.3) Transmutations


You had one spell level left.
You knew the following spells:

 Your Spells              Type           Power        Failure   Level  Hunger
a - Beastly Appendage     Tmut           #.....       17%         1    ##.....
b - Sticks to Snakes      Tmut           #.......     26%         2    ###....
c - Spider Form           Tmut/Pois      #.........   54%         3    ####...


Dungeon Overview and Level Annotations

Branches:
Dungeon (3/15)

Altars:
Nemelex Xobeh

Annotations:
D:3 Goboxel's ghost, amateur HOFi; Ijyb


Innate Abilities, Weirdness & Mutations

Your plain brown scales are hard. (AC +5)
You cannot fit into any form of body armour.
You are cold-blooded and may be slowed by cold attacks.


Message History

The arrow closely misses your ball python.
The arrow barely misses you.
You see here 2 arrows.
Your ball python bites the centaur.
The frilled lizard bites you.
The centaur unwields an uncursed shortbow.
The centaur barely misses you.
Ijyb zaps a wand.
The puff of flame hits you!
You hit the frilled lizard.
You kill the frilled lizard!
Your ball python barely misses the centaur.
The centaur closely misses you. The centaur hits you.
Your ball python bites the centaur.
The centaur hits you.
* * * LOW HITPOINT WARNING * * *
Ijyb zaps a wand.
The puff of flame hits you!
* * * LOW HITPOINT WARNING * * *
There is a stone staircase leading up, spattered with blood here.
You see here 2 arrows.
Your talons disappear.
Your ball python bites the centaur but does no damage.
The centaur hits you!
You die...

.##....
#.#.....######
.#...?.......##
#......#.......
#......#.#...
#..g.......#
#..........#
#.....(...###..#
#.#$...@........#
#....cS(##.#..
#.#...#.##
..#.#..###
...##.. ... .#.
.. .... ###.#


You could see Ijyb, a centaur and a friendly ball python.

Vanquished Creatures
  2 gnolls
  2 adders (D:2)
  2 leopard geckos
  3 giant cockroaches (D:1)
  A goblin (D:2)
  6 hobgoblins
  3 jackals (D:1)
  4 kobolds
  4 bats (D:1)
  2 frilled lizards
  5 rats
34 creatures vanquished.

Vanquished Creatures (collateral kills)
  A gnoll (D:2)
  A worm (D:2)
2 creatures vanquished.

Vanquished Creatures (others)
  A dart slug (D:2)
1 creature vanquished.

Grand Total: 37 creatures vanquished

Notes
Turn   | Place    | Note
-------+----------+-------------------------------------------
     0 | D:1      | RumaTero the Draconian Transmuter began the quest for the Orb.
     0 | D:1      | Reached XP level 1. HP: 16/16 MP: 3/3
   116 | D:1      | Reached XP level 2. HP: 9/23 MP: 3/5
   148 | D:1      | Learned a level 2 spell: Sticks to Snakes
  1171 | D:2      | Reached XP level 3. HP: 26/28 MP: 3/6
  1329 | D:2      | Found a sparkling altar of Nemelex Xobeh.
  1867 | D:2      | Reached XP level 4. HP: 20/35 MP: 3/7
  2258 | D:3      | Noticed Goboxel's ghost (amateur HOFi)
  2318 | D:3      | Noticed Ijyb
  2324 | D:3      | Noticed a centaur
  2338 | D:2      | Reached skill level 4 in Unarmed Combat
  2443 | D:2      | Learned a level 3 spell: Spider Form
  2697 | D:3      | Slain by a centaur

Skill      XL: |  1  2  3  4 |
---------------+-------------+-----
Dodging        | 2 |  2.5
Unarmed Combat | 4 |  4.0
Fighting       | |  1.1
Spellcasting   | |  2.0
Transmutations | |  2.8

Action                   |  1- 3 |  4- 6 || total
-------------------------+-------+-------++-------
Melee: Unarmed           |   109 |    28 ||   137
       Tailslap          |     9 |       ||     9
       Headbutt          |     1 |       ||     1
 Cast: Beastly Appendage |     3 |     3 ||     6
       Sticks to Snakes  |     7 |     2 ||     9
  Use: Scroll            |       |     4 ||     4
 Stab: Sleeping          |     1 |       ||     1
       Distracted        |     1 |       ||     1
  Eat: Chunk             |     3 |     3 ||     6
Armor: Skin              |    41 |    24 ||    65
Dodge: Dodged            |    84 |    30 ||   114
